 BcadrenCrawl: Boulder Brew version 0.05.32 (webtiles) character file.

Game seed: 2375192061921280932, levelgen mode: deterministic

115 BR41ND34D the Grave Robber (level 4, 0/24 HPs) Silent Spectre Necromancer. Began on Oct 3, 2021. Slain by a sewer rat (4 damage) ... on level 1 of the Dungeon. The game lasted 00:05:01 (912 turns).

BR41ND34D the Grave Robber (SSNe)                    Turns: 912, Time: 00:05:02

Health: 0/24       AC:  2    Str:  4    XL:     4 ^: 31
Magic:  6/11       EV: 16    Int: 18    God:
Gold:   52         SH:  0    Dex: 17    Spells: 8/9 levels left

rFire    x . .     Vision   .   b - +1 dagger (acid) (curse) {(Curse: rF-)}
rCold    . . .     Gourm    .   (no weapon)
rNeg     + + +     Faith    .   a - +0 robe
rCorr    . . .     Spirit   .   (no helmet)
rPois    ∞         Reflect  .   (no cloak)
rElec    .         Harm     .   (no gloves)
MR       .....                  (no boots)
Stlth    ++........             (no amulet)
HPRegen  0.18/turn              (no ring)
MPRegen  0.21/turn              (no ring)

@: very slightly contaminated, silenced
A: silence aura 2, negative energy resistance 3, torment resistance,
unbreathing, petrification resistance, silent casting, insubstantial
a: no special abilities


You were on level 1 of the Dungeon.
You were not hungry.

You visited 1 branch of the dungeon, and saw 2 of its levels.

You collected 52 gold pieces.

Inventory:

Weapons
 b - a cursed +1 dagger of caustic ooze (weapon) {(Curse: rF-)}
Armour
 a - a +0 robe (worn)
Potions
 c - 2 potions of mutation
 d - 2 potions of heal wounds
 e - a potion of haste


   Skills:
 + Level 3.1 Dodging
 + Level 3.2 Stealth
 * Level 3.3 Spellcasting
 + Level 1.4 Hexes
 * Level 5.1 Necromancy


You had 8 spell levels left.
You knew the following spells:

 Your Spells              Type           Power        Failure   Level  Hunger
a - Pain                  Hex/Necr       14 (25)      6%          1    N/A

Your spell library contained the following spells:

 Spells                   Type           Power        Failure   Level  Hunger
 Vampiric Draining        Necr           21 (200)     8%          3    N/A
 Pryten's Skeletal Upris  Chrm/Necr      12 (200)     21%         3    N/A
 Regeneration             Chrm/Necr      12 (200)     21%         3    N/A
 Animate Dead             Necr           N/A          24%         4    N/A

Dungeon Overview and Level Annotations

Branches:
Dungeon (2/8)

Altars:


Innate Abilities, Weirdness & Mutations

You are immune to poison.
You are surrounded by an aura of unnatural quiet.
You are immune to negative energy. (rN+++)
You are immune to unholy pain and torment.
You can survive without breathing.
You are immune to petrification.
You can communicate with gods and cast spells while silenced.
Your insubstantial form boosts your evasion and grants immunity to sticky flames, nets and constriction.


Message History

The big kobold is splashed with acid (5).
You kill the big kobold!
Your Dodging skill increases to level 3!
Your Stealth skill increases to level 3!
Your Spellcasting skill increases to level 3!
Your Necromancy skill increases to level 5!
You have reached level 4!
You can't go up here!
Unknown command.
There is a stone staircase leading up here.
The sewer rat misses you (0).
You climb upwards.
There is a stone staircase leading down here.
Casting: Pain (safe; 6% risk of failure)
Confirm with . or Enter, or press ? or * to list all spells.
Aiming: Pain (safe; 6% risk of failure)
Press: ? - help, Shift-Dir - straight line, f - sewer rat
Aim: a submerged sewer rat (silenced, healthy (11/11), chance to defeat MR: 79%)
The sewer rat writhes in agony (2).
The sewer rat bites you (4).
You die...

#....#####...†.....
#..................
#....#####.........
#....# #.........
##†### #.........
#.# ###.....###.
#.# #...##### #.
#≈#####...########
#@r...............
#####.#############
#...#.....# #...#
#.#.#.....####.#.##
#.#.......'..#.....
#.####....##.##.##.
#.# #.....#.##.##.
#.######.....##?#..
#....# #.#.####.#.#


You could see a submerged sewer rat.

Vanquished Creatures
  A big kobold (D:2)
  2 cinder newts (D:1)
  A dart slug (D:1)
  A leopard gecko (D:1)
  A ball python (D:2)
  A bat (D:1)
  6 goblins (D:1)
  2 hobgoblins (D:1)
  6 kobolds
  6 rats (D:1)
27 creatures vanquished.

Vanquished Creatures (others)
  7 withered plants (D:2)
7 creatures vanquished.

Grand Total: 34 creatures vanquished

Notes
Turn   | Place    | Note
-------+----------+-------------------------------------------
     0 | D:1      | BR41ND34D the Silent Spectre Necromancer began the quest
                  | for the Orb.
     0 | D:1      | Reached XP level 1. HP: 10/10 MP: 6/6
   160 | D:1      | Reached XP level 2. HP: 15/15 MP: 6/8
   483 | D:1      | Reached XP level 3. HP: 19/19 MP: 6/10
   846 | D:1      | Reached skill level 1 in Hexes
   881 | D:2      | Noticed a big kobold
   906 | D:2      | Killed a big kobold
   906 | D:2      | Reached skill level 5 in Necromancy
   906 | D:2      | Reached XP level 4. HP: 2/24 MP: 5/11
   912 | D:1      | Slain by a sewer rat

Levels and vault maps discovered:
D:1:      dpeg_arrival_solitude, layout_basic
D:2:      layout_sewer, elyvilon_niche, first_ration

Skill      XL: |  1  2  3 |
---------------+----------+-----
Hexes          | 1 |  1.4
Dodging        | 3 |  3.1
Stealth        | 3 |  3.2
Spellcasting   | 3 |  3.3
Necromancy     | 5 |  5.1

Action                   |  1- 3 |  4- 6 || total
-------------------------+-------+-------++-------
Melee: Dagger            |    16 |       ||    16
       Unarmed           |     9 |       ||     9
 Cast: Pain              |    43 |     1 ||    44
 Stab: Sleeping          |     3 |       ||     3
Armor: Robe              |     1 |       ||     1
Dodge: Dodged            |    15 |     1 ||    16
